 Dungeon Crawl Stone Soup version 0.18-a0-1312-gf98331d (webtiles) character file.

28 realDonaldTrump the Firebug (level 3, 15/24 HPs)
             Began as a Demonspawn Fire Elementalist on Feb 14, 2016.
             Quit the game on level 1 of the Dungeon.
             The game lasted 00:03:31 (1155 turns).

realDonaldTrump the Firebug (DsFE)                  Turns: 1155, Time: 00:03:31

Health: 15/24      AC:  2    Str:  8    XL:     3   Next: 0%
Magic:  6/6        EV: 12    Int: 17    God:
Gold:   77         SH:  0    Dex: 13    Spells: 1 memorised, 5 levels left

rFire  . . .     SeeInvis .     f - +0 short sword
rCold  . . .     Gourm    .     a - +0 robe
rNeg   . . .     Faith    .     (no shield)
rPois  .         Spirit   .     (no helmet)
rElec  .         Dismiss  .     (no cloak)
rCorr  .         Reflect  .     (no gloves)
SustAt .         Harm     .     (no boots)
MR     .....                    (no amulet)
Stlth  ++........               (no ring)
                                (no ring)

@: not resistant to hostile enchantments, unstealthy
A: powered by death 1, rot immunity
a: no special abilities


You were on level 1 of the Dungeon.
You were not hungry.

You visited 1 branch of the dungeon, and saw 2 of its levels.

You collected 77 gold pieces.

Inventory:

Hand Weapons
 f - a +0 short sword (weapon)
Armour
 a - a +0 robe (worn)
Scrolls
 d - 2 scrolls of identify {unknown}
 m - a scroll of remove curse {unknown}
Potions
 e - a potion of invisibility {unknown}
 h - a potion of curing {unknown}
 i - a potion of beneficial mutation {unknown}
 k - a potion of brilliance {unknown}
 l - a potion of degeneration {unknown}
 n - a potion of mutation {unknown}
 p - a potion of flight {unknown}
Books
 b - a book of Flames

   Spells                             Type                      Level
   a - Flame Tongue                   Conjuration/Fire             1
   b - Throw Flame                    Conjuration/Fire             2
   c - Conjure Flame                  Conjuration/Fire             3
   d - Inner Flame                    Hexes/Fire                   3
   e - Sticky Flame                   Conjuration/Fire             4
   f - Fireball                       Conjuration/Fire             5
Comestibles
 c - 2 bread rations
 g - 4 fruits
 j - a meat ration


   Skills:
 - Level 1.7 Dodging
 - Level 1.7 Stealth
 + Level 2.3 Spellcasting
 * Level 2.0 Conjurations
 * Level 3.1 Fire Magic


You had 5 spell levels left.
You knew the following spells:

 Your Spells              Type           Power        Failure   Level  Hunger
a - Flame Tongue          Conj/Fire      ##...        10%         1    #......


Dungeon Overview and Level Annotations

Branches:
Dungeon (2/15)

Altars:


Innate Abilities, Weirdness & Mutations

You regenerate a little health from kills.
You are immune to rotting.


Message History

No target in view!
No target in view!
The goblin shouts!
You miss the goblin. The goblin hits you.
You closely miss the goblin. The goblin misses you.
You closely miss the goblin. The goblin misses you.
The goblin closely misses you.
You hit the goblin.
You kill the goblin!
You have reached level 3!
Your experience leads to an increase in your attributes!
Increase (S)trength, (I)ntelligence, or (D)exterity?
You feel clever.
Your demonic ancestry asserts itself...
You feel immune to rotting.
You see here a goblin corpse.
Enter note: fuck off Saving game... please wait.
Welcome back, realDonaldTrump the Demonspawn Fire Elementalist.
Press ? for a list of commands and other information.
Are you sure you want to abandon this character and quit the game? (Confirm with "yes".)

#.#..#.#...###########..
#........###...######...
#.#..#####.......##.....
###>......#..........##...
#...#.....#....<....####..
#.#.....#.#.........# ###
#.####....##.......## ###.
#.....###.####...######...
#####....@# #########.....
#######...###.###....#........
#.......#.# #.#^..#...##....⌠.
##.###..#.# #.#..#######......
#.# #..#.# #.#(.(#....##.....
#.###..#.###.##....#...###...
#...#..#.##...########.######
###.#.......#................
#....#.############........


There were no monsters in sight!

Vanquished Creatures
  An adder (D:2)
  3 bats
  5 goblins
  3 hobgoblins (D:1)
  2 giant newts
  4 kobolds (D:1)
  A rat (D:1)
19 creatures vanquished.

Notes
Turn   | Place    | Note
--------------------------------------------------------------
     0 | D:1      | realDonaldTrump the Demonspawn Fire Elementalist began the quest for the Orb.
     0 | D:1      | Reached XP level 1. HP: 13/13 MP: 3/3
   374 | D:1      | Gained mutation: You regenerate a little health from kills. [demonic ancestry]
   374 | D:1      | Reached XP level 2. HP: 19/19 MP: 3/5
   810 | D:2      | Reached skill level 3 in Fire Magic
  1153 | D:1      | Gained mutation: You are immune to rotting. [demonic ancestry]
  1153 | D:1      | Reached XP level 3. HP: 13/24 MP: 6/6
  1155 | D:1      | fuck off
  1155 | D:1      | Quit the game

Vault maps used:
D:1:      dpeg_arrival_three_same_balls, serial_bayou, serial_bayou_pond_e,
          serial_bayou_ford_a, serial_bayou_lake_a, serial_bayou_shore_b
D:2:      first_bread, guppyfry_early_orc_mine

Action                   || total
-------------------------++-------
Melee: Short sword       ||    51
 Cast: Flame Tongue      ||    20
 Stab: Sleeping          ||     2
  Eat: Chunk             ||     1
